 Dungeon Crawl Stone Soup version 0.24.1 (webtiles) character file.

Game seed: 13255897732938408133, levelgen mode: deterministic

51 Destapler the Grasshopper (level 3, -1/30 HPs)
             Began as a Draconian Warper on Apr 3, 2020.
             Was a Follower of Wu Jian.
             Slain by Natasha (5 damage)
             ... on level 3 of the Dungeon.
             The game lasted 00:07:14 (1877 turns).

Destapler the Grasshopper (Draconian Warper)        Turns: 1877, Time: 00:07:14

Health: -1/30      AC:  5    Str: 14    XL:     3   Next: 57%
Magic:  6/6        EV: 12    Int: 13    God:    Wu Jian [*.....]
Gold:   121        SH:  0    Dex: 10    Spells: 4/6 levels left

rFire    . . .     SeeInvis .   a - +0 dagger (flame)
rCold    . . .     Gourm    .   (no shield)
rNeg     . . .     Faith    .   (armour unavailable)
rPois    .         Spirit   .   (helmet restricted)
rElec    .         Reflect  .   (no cloak)
rCorr    .         Harm     .   (no gloves)
MR       .....                  (no boots)
Stlth    +.........             (no amulet)
HPRegen  0.10/turn              (no ring)
MPRegen  0.10/turn              (no ring)

@: no status effects
A: unfitting armour, cold-blooded, AC +5
a: Renounce Religion


You were on level 3 of the Dungeon.
You worshipped Wu Jian.
Wu Jian was aware of your devotion.
You were not hungry.

You visited 1 branch of the dungeon, and saw 3 of its levels.

You collected 121 gold pieces.

Inventory:

Hand Weapons
 a - a +0 dagger of flaming (weapon)
Missiles
 d - 5 boomerangs of dispersal (quivered)
Jewellery
 l - a cursed -2 ring of evasion {unknown}
 o - a +4 ring of dexterity {unknown}
Scrolls
 b - a scroll of identify {unknown}
 c - 2 scrolls of blinking
 e - a scroll of noise {unknown}
 h - 3 scrolls of teleportation {unknown}
 i - 2 scrolls of enchant weapon {unknown}
 k - 2 scrolls of random uselessness {unknown}
Potions
 j - a potion of curing
 m - a potion of berserk rage {unknown}
 n - a potion of heal wounds {unknown}
Comestibles
 f - 5 rations


   Skills:
 + Level 2.7 Fighting
 + Level 2.4 Short Blades
 + Level 1.5 Throwing
 + Level 2.5 Dodging
 + Level 2.4 Spellcasting
 + Level 3.0 Translocations


You had 4 spell levels left.
You knew the following spells:

 Your Spells              Type           Power        Failure   Level  Hunger
B - Blink                 Tloc           N/A          11%         2    ###....

Your spell library contained the following spells:

 Spells                   Type           Power        Failure   Level  Hunger
 Shroud of Golubria       Chrm/Tloc      #.....       21%         2    ###....
 Gell's Gravitas          Tloc           #.........   22%         3    ###....
 Lesser Beckoning         Tloc           #.........   22%         3    ###....
 Teleport Other           Tloc           #.......     22%         3    ###....
 Passage of Golubria      Tloc           N/A          56%         4    #####..


Dungeon Overview and Level Annotations

Branches:
Dungeon (3/15)

Altars:
Wu Jian

Annotations:
D:3 Natasha


Innate Abilities, Weirdness & Mutations

Your plain brown scales are hard. (AC +5)
You cannot fit into any form of body armour.
You are cold-blooded and may be slowed by cold attacks.


Message History

* * * LOW HITPOINT WARNING * * *
The crimson imp barely misses you. Something claws you but does no damage.
The crimson imp picks up a beetle and eats it.
You hit something but do no damage. The crimson imp closely misses you.
Something claws you.
* * * LOW HITPOINT WARNING * * *
You miss something.
Your tail-slap misses something.
The crimson imp closely misses you.
You hear some strange, mumbled words.
Something tries to affect you, but you resist.
You hit something but do no damage.
Your tail-slap misses something.
The crimson imp blinks!
Something claws you.
* * * LOW HITPOINT WARNING * * *
You hit something. You burn something.
The crimson imp blinks!
You hear some strange, mumbled words.
You closely miss something. You hit something. You burn something.
The crimson imp blinks!
Something claws you.
You die...

### #.# #.# #########
#### #.# #...5...#
...###.# #.......####
#...##.###......5{§.#
#.......(.......@##.#
#........#.......##.#
#####..)##..)...(##.#
##.###§......##.# #.#
##########.# #.# #..
#+# ##{ .# .#


You could see 2 crimson imps.

Vanquished Creatures
  An ooze (D:1)
  2 dart slugs
  A leopard gecko (D:1)
  5 bats
  3 giant cockroaches
  7 hobgoblins
  3 jackals (D:2)
  5 kobolds
  2 frilled lizards (D:1)
  4 goblins
  4 rats
37 creatures vanquished.

Notes
Turn   | Place    | Note
-------+----------+-------------------------------------------
     0 | D:1      | Destapler the Draconian Warper began the quest for the Orb.
     0 | D:1      | Reached XP level 1. HP: 17/17 MP: 3/3
    48 | D:1      | Reached skill level 1 in Throwing
   319 | D:1      | Reached XP level 2. HP: 20/25 MP: 5/5
   502 | D:1      | Learned a level 2 spell: Blink
   876 | D:1      | Reached XP level 3. HP: 30/30 MP: 6/6
  1073 | D:2      | Found a faded altar of an unknown god.
  1084 | D:2      | Became a worshipper of the Wu Jian Council
  1084 | D:2      | Reached * piety under Wu Jian
  1465 | D:2      | HP: 1/30 [worm (10)]
  1852 | D:3      | Noticed Natasha
  1877 | D:3      | Slain by Natasha

Levels and vault maps discovered:
D:1:      dpeg_arrival_rhombus, layout_loops_ring
D:2:      layout_basic, chequers_ecumenical_altar_simple_redux,
          minmay_heptomino_l4
D:3:      layout_loops_corners, lemuel_zombie_altar_kikubaaqudgha, uniq_ijyb,
          uniq_natasha

Skill      XL: |  1 |
---------------+----+-----
Throwing       | 1 |  1.5
Fighting       | |  2.7
Short Blades   | |  2.4
Dodging        | |  2.5
Spellcasting   | |  2.4
Translocations | |  3.0

Action                   || total
-------------------------++-------
Melee: Dagger            ||   178
       Tailslap          ||    13
Invok: Lunge             ||    18
       Whirlwind         ||    10
  Use: Potion            ||     1
  Eat: Chunk             ||     3
Armor: Skin              ||    43
Dodge: Dodged            ||    93
